 Dungeon Crawl Stone Soup version 0.29-a0-233-g1125b37a9b (webtiles) character file.

Game seed: 585651996497853922

3 Kaiden09 the Skirmisher (level 1, 0/14 HPs)
             Began as a Gargoyle Berserker on Mar 1, 2022.
             Was a Follower of Trog.
             Slain by a quokka (1 damage)
             ... on level 1 of the Dungeon.
             The game lasted 00:01:12 (140 turns).

Kaiden09 the Skirmisher (Gargoyle Berserker)         Turns: 140, Time: 00:01:13

Health: 0/14       AC:  4    Str: 20    XL:     1   Next: 50%
Magic:  1/1        EV: 11    Int:  7    God:    Trog [*.....]
Gold:   11         SH:  0    Dex:  9    Spells: 0/0 levels left

rFire   . . .      SeeInvis .   a - +0 mace
rCold   . . .      Faith    .   (no shield)
rNeg    + . .      Spirit   .   b - +0 animal skin
rPois   ∞          Reflect  .   (no helmet)
rElec   +          Harm     .   (no cloak)
rCorr   .          Rampage  .   (no gloves)
Will    .....                   (no boots)
Stlth   +.........              (no amulet)
HPRegen 0.04/turn               (no ring)
MPRegen 0.07/turn               (no ring)

@: no status effects
A: sickness immunity, AC +2, negative energy resistance 1, electricity
resistance, torment resistance 1, petrification resistance
a: Renounce Religion, Berserk


You were on level 1 of the Dungeon.
You worshipped Trog.
Trog was aware of your devotion.
You visited 1 branch of the dungeon, and saw 1 of its levels.

You collected 11 gold pieces.

Inventory:

Hand Weapons
 a - a +0 mace (weapon)
Armour
 b - a +0 animal skin (worn)
 f - a +0 leather armour
 g - a +0 buckler
Jewellery
 e - a ring of wizardry
Scrolls
 d - a scroll of identify {unknown}
Potions
 c - a potion of mutation {unknown}


   Skills:
 + Level 3.4 Fighting
 + Level 3.0 Maces & Flails
 + Level 2.2 Armour
 + Level 1.5 Dodging


You couldn't memorise any spells.
You didn't know any spells.
Your spell library was empty.

Dungeon Overview and Level Annotations

Branches:
Dungeon (1/15)

Altars:


Innate Abilities, Weirdness & Mutations

You are immune to sickness and miasma.
Your stone body is resilient. (AC +2)
You are immune to poison.
You resist negative energy. (rN+)
You are resistant to electric shocks. (rElec)
You are resistant to unholy torment.
You are immune to petrification.


Message History

f - a +0 leather armour
There are no items here.
Found a buckler.
You see here a +0 buckler.
You see here a +0 buckler.
g - a +0 buckler
There are no items here.
A rat comes into view.
The helpless rat fails to defend itself.
You hit the rat.
You kill the rat!
Trog accepts your kill.
Found 10 gold pieces.
A quokka comes into view.
Found a scroll labelled ASTRYSK GIWETUCK.
You see here 10 gold pieces.
The quokka closely misses you. x2
You closely miss the quokka.
The quokka bites you but does no damage.
You hit the quokka but do no damage. The quokka bites you.
The quokka bites you but does no damage.
You hit the quokka.
The quokka is heavily wounded.
The quokka misses you.
You closely miss the quokka.
The quokka is heavily wounded.
The quokka bites you but does no damage.
The quokka bites you.
* * * LOW HITPOINT WARNING * * *
You miss the quokka.
The quokka is heavily wounded.
The quokka bites you but does no damage.
You barely miss the quokka.
The quokka is heavily wounded.
The quokka barely misses you. The quokka bites you.
* * * LOW HITPOINT WARNING * * *
You see here 10 gold pieces.
The quokka misses you. The quokka bites you.
You die...

#....# #..... #....# #.....
#....# ###..... #....####
##....... #.......# #..#.....
###....##.####.##.....
###...#............##.##
#...###.#####........... #.###
#@#####.8....#..## #.#
#r##≈≈§.....[....# ##.#
#.##§≈≈≈.........# #..#
###.##>≈≈≈.<8..8....
#.####...##≈≈≈≈........#.
#######.###....##≈≈§.........#.
.....?..$...#.######.8.........
.####..######.# #.........##
#...# #.# ..........###


You could see a quokka.

Vanquished Creatures
  A giant cockroach (D:1)
  A quokka (D:1)
  A rat (D:1)
3 creatures vanquished.

Notes
Turn   | Place    | Note
-------+----------+-------------------------------------------
     0 | D:1      | Kaiden09 the Gargoyle Berserker began the quest for the
                  | Orb.
     0 | D:1      | Reached XP level 1. HP: 14/14 MP: 1/1
   140 | D:1      | Slain by a quokka

Illustrated notes

Levels and vault maps discovered:
D:1:      grunt_arrival_lava_bath, layout_rooms

Action                   || total
-------------------------++-------
Melee: Mace              ||    12
 Stab: Sleeping          ||     1
Armor: Animal skin       ||     5
Dodge: Dodged            ||    12

Table legend: (Time is in decaauts)
 A = Elapsed time spent in this place.
 B = Non-inter-level travel time spent in this place.
 C = Inter-level travel time spent in this place.
 D = Time resting spent in this place.
 E = Time spent auto-exploring this place.
 F = Levels seen in this place.
 G = Mean time per level.
                   A        B        C        D        E       F      G
               +--------+--------+--------+--------+--------+-----+--------+
         Total |    143 |     76 |     67 |      0 |      0 |   1 |  143.0 |
       Dungeon |    143 |     76 |     67 |      0 |      0 |   1 |  143.0 |
               +--------+--------+--------+--------+--------+-----+--------+

Top non-repeatable levels by time:
     D:1: 143 daAuts
